 Dungeon Crawl Stone Soup version 0.32-a0-872-g59262bdc9b (webtiles) character file.

Game seed: 17940249908284487205

9366 KennySheep the Mimic (level 11, -2/189 HPs)
             Began as an Oni Cinder Acolyte on Mar 30, 2024.
             Was an Initiate of Ignis.
             Slain by an orc warrior
             ... wielding a +0 war axe
              (7 damage)
             ... in a bailey.
             The game lasted 00:33:58 (9532 turns).

KennySheep the Mimic (Oni Cinder Acolyte)           Turns: 9532, Time: 00:33:58

Health: -2/189     AC:  4    Str: 28    XL:     11   Next: 45%
Magic:  21/21      EV:  8    Int: 20    God:    Ignis [......]
Gold:   205        SH:  0    Dex:  2    Spells: 22/24 levels left

rFire   + . .        a - -1 mace (flame)
rCold   . . .        (no shield)
rNeg    + . .        b - +0 robe
rPois   .            (helmet restricted)
rElec   .            J - +0 cloak
rCorr   .            (gloves unavailable)
SInv    .            (boots unavailable)
Will    +....        r - amulet of magic regeneration Stlth
                     G - ring "Camo" {rN+ Str+6 Int+3 Dex-2 Stlth+}
HPRegen 0.51/turn    (no ring)
MPRegen 0.57/turn

%: no passive effects
@: berserking, very quick
A: large, unfitting armour, horns 1, tough skin 1, double potion healing,
drunken brawling, robust 1, screaming 1
a: Renounce Religion, Rising Flame


You were in a bailey.
You worshipped Ignis.
Ignis was noncommittal.
You visited 1 branch of the dungeon, and saw 8 of its levels.
You also visited: Ossuary and Bailey.

You collected 451 gold pieces.
You spent 246 gold pieces at shops.

Inventory:

Hand Weapons
 a - a -1 mace of flaming (weapon)
 v - a +0 giant club
 M - a +0 giant spiked club
Missiles
 B - 8 large rocks
Armour
 b - a +0 robe (worn)
 J - a +0 cloak (worn)
Jewellery
 r - an amulet of magic regeneration (around neck)
 u - a ring of see invisible
 G - the ring "Camo" (left hand) {rN+ Str+6 Int+3 Dex-2 Stlth+}
   (You acquired it in an ossuary)

   [ring of strength]

   Str+6:     It affects your strength (+6).
   Int+3:     It affects your intelligence (+3).
   Dex-2:     It affects your dexterity (-2).
   rN+:       It protects you from negative energy.
   Stlth+:    It makes you more stealthy.
Talismans
 s - a beast talisman
 D - a granite talisman
 N - a blade talisman
Wands
 d - a wand of digging (8)
 t - a wand of flame (26)
 E - a wand of mindburst (19)
Scrolls
 e - 2 scrolls of enchant weapon
 f - 4 scrolls of teleportation
 k - 2 scrolls of vulnerability
 l - a scroll of poison
 n - 3 scrolls of noise
 o - a scroll of immolation
 q - 2 scrolls of fear
 x - 3 scrolls of enchant armour
 y - 3 scrolls of fog
 A - 4 scrolls of blinking
 I - a scroll of torment
Potions
 g - 3 potions of enlightenment
 h - a potion of mutation
 i - 2 potions of magic {unknown}
 m - a potion of invisibility {unknown}
 w - 2 potions of might {unknown}
 z - 2 potions of haste
 C - a potion of brilliance {unknown}
 F - a potion of degeneration {unknown}
 H - a potion of lignification {unknown}
 K - a potion of attraction {unknown}


   Skills:
 - Level 9.2 Fighting
 - Level 9.1 Maces & Flails
 - Level 7.0 Spellcasting
 - Level 3.6 Fire Magic
 * Level 11.6 Shapeshifting


You had 22 spell levels left.
You knew the following spells:

 Your Spells              Type           Power      Damage    Failure   Level
a - Scorch                Fire           42%        2d6       3%          2

Your spell library contained the following spells:

 Spells                   Type           Power      Damage    Failure   Level
 Olgreb's Toxic Radiance  Alch           7%         N/A       67%         4
 Haunt                    Necr/Summ      3%         N/A       100%        7
 Ozocubu's Refrigeration  Ice            3%         4d8       100%        7
 Borgnjor's Revivificati  Necr           3%         N/A       100%        8
 Discord                  Hex            3%         N/A       100%        8
 Death's Door             Necr           3%         N/A       100%        9


Dungeon Overview and Level Annotations

Branches:
Dungeon (8/15)             Temple (0/1) D:7         Ossuary (visited)
 Bailey (1/1)
   Lair: D:8-11

Altars:
Ashenzari
Gozag
Kikubaaqudgha
Makhleb
Nemelex Xobeh
Okawaru
Sif Muna
Vehumet
Wu Jian
Yredelemnul
Zin

Shops:
D:5 :(?

Annotations:
D:2 Terence
D:8 Maurice Bailey 3 runed translucent doors


Innate Abilities, Weirdness & Mutations

You are too large for most types of armour.
You have a pair of small horns on your head.
You have tough skin. (AC +1)
You gain doubled healing and magic from potions.
Whenever you drink a healing potion, you attack all around you.
You are robust. (+10% HP)
You occasionally shout uncontrollably at your foes.


Message History

* * * LOW HITPOINT WARNING * * *
The orc warrior hits you with a +0 war axe!
* * * LOW HITPOINT WARNING * * *
The orc warrior hits you with a +0 war axe!
* * * LOW HITPOINT WARNING * * *
A red film seems to cover your vision as you go berserk!
You feel yourself moving faster!
You feel mighty! The orc hits you with a +0 war axe.
* * * LOW HITPOINT WARNING * * *
The kobold hits you but does no damage. The orc warrior closely misses you.
The orc warrior hits you with a +0 war axe.
* * * LOW HITPOINT WARNING * * *
You closely miss the orc warrior.
The orc warrior is severely wounded.
The orc hits you with a +0 war axe.
* * * LOW HITPOINT WARNING * * *
The kobold hits you but does no damage.
You hit the orc warrior. You burn the orc warrior.
The orc warrior is almost dead.
The orc warrior hits you with a +0 war axe.
* * * LOW HITPOINT WARNING * * *
The orc warrior hits you with a +0 war axe.
* * * LOW HITPOINT WARNING * * *
The orc warrior hits you with a +0 war axe.
* * * LOW HITPOINT WARNING * * *
You are too berserk!
You closely miss the orc warrior. Your headbutt misses the orc warrior.
The orc warrior is almost dead.
The orc barely misses you. The kobold hits you but does no damage.
The orc warrior barely misses you.
You hit the orc warrior. You burn the orc warrior.
You kill the orc warrior!
The orc warrior barely misses you. The orc barely misses you.
You hit the orc warrior but do no damage.
You headbutt the orc warrior.
The orc warrior is almost dead.
The kobold closely misses you.
The orc warrior hits you with a +0 war axe!
You die...
Ignis goes out, and joins you in death.

♣...~~~.#
♣♣..###'###.......##
♣.##....#~.ß...ß.~#
♣##.....#~~~~~~~~~#
##......####~~~####
#...ß......#+++#...
#..................
#Koo...............
##@Kß..ß.......o..K
##o......#######..
##.....## ##.
##...## ## ##### #


You could see 2 orc warriors, an orc and 2 kobolds.

Vanquished Creatures
  An ugly thing (D:8)
  Grinder (D:6)
  Sigmund (D:6)
  Prince Ribbit (D:7)
  3 wyverns
  3 orc warriors
  3 ice beasts
  A black bear (D:6)
  4 ogres
  A centaur (D:8)
  2 phantoms
  Blork the orc (D:5)
  A kobold brigand (D:7)
  3 bullfrogs
  6 scorpions
  2 water moccasin zombies (Ossuary)
  A wight (Ossuary)
  2 killer bees (D:8)
  An electric eel (D:7)
  2 howler monkeys
  3 bombardier beetles
  A centaur zombie (Ossuary)
  A crimson imp (D:3)
  3 bullfrog zombies (Ossuary)
  2 jellies
  A gnoll bouda (D:6)
  6 hounds
  2 orc priests
  2 iguanas
  3 orc wizards
  A scorpion zombie (Ossuary)
  Natasha (thrice) (D:2)
  17 gnolls
  8 adders
  2 ufetubi (D:7)
  An adder zombie (Ossuary)
  A dart slug (D:1)
  4 ribbon worms
  21 orcs
  7 ball pythons
  4 bats (D:1)
  7 endoplasms
  9 giant cockroaches
  8 goblins
  10 hobgoblins
  4 quokkas
  6 frilled lizards
  2 gnoll zombies (Ossuary)
  5 goblin zombies (Ossuary)
  6 hobgoblin zombies (Ossuary)
  10 kobolds
  4 orc zombies (Ossuary)
  7 rats
211 creatures vanquished.

Vanquished Creatures (others)
  20 foxfires (D:2)
20 creatures vanquished.

Grand Total: 231 creatures vanquished

Notes
Turn   | Place    | Note
-------+----------+-------------------------------------------
     0 | D:1      | KennySheep the Oni Cinder Acolyte began the quest for the
                  | Orb.
     0 | D:1      | Reached XP level 1. HP: 24/24 MP: 2/2
   210 | D:1      | You fall into a shaft and drop 1 floor!
   218 | D:3      | Found an ancient bone altar of Kikubaaqudgha.
   266 | D:2      | Reached XP level 2. HP: 32/32 MP: 2/4
   315 | D:2      | Learned a level 2 spell: Scorch
   449 | D:2      | Noticed Terence
   462 | D:2      | Reached XP level 3. HP: 31/40 MP: 5/5
   748 | D:1      | Found a faded altar of an unknown god.
   927 | D:1      | Reached XP level 4. HP: 46/49 MP: 7/7
  1689 | D:2      | Noticed Natasha
  1703 | D:2      | Killed Natasha
  1893 | D:2      | Reached skill level 5 in Fighting
  2022 | D:2      | Noticed Natasha
  2047 | D:2      | Killed Natasha
  2048 | D:2      | Reached XP level 5. HP: 37/57 MP: 7/9
  2081 | D:2      | Noticed Natasha
  2090 | D:2      | Killed Natasha
  2610 | D:3      | Found a burning altar of Makhleb.
  2624 | D:3      | Found a radiant altar of Vehumet.
  2626 | D:3      | Reached XP level 6. HP: 45/66 MP: 10/10
  2791 | D:3      | Found a sparkling altar of Nemelex Xobeh.
  3109 | D:3      | Found a basalt altar of Yredelemnul.
  3275 | D:4      | Found a broken altar of Ashenzari.
  3739 | D:4      | Reached skill level 5 in Maces & Flails
  3739 | D:4      | Reached XP level 7. HP: 27/75 MP: 13/13
  4540 | D:5      | Entered Level 5 of the Dungeon
  4548 | D:5      | Reached XP level 8. HP: 41/87 MP: 15/15
  4550 | D:5      | Reached skill level 5 in Spellcasting
  4791 | D:5      | Noticed Blork the orc
  5514 | D:5      | Found Afeub's Antique Weapon Emporium.
  5553 | D:5      | Killed Blork the orc
  5579 | D:5      | Found Bufy's Magic Scroll Shop.
  5586 | D:5      | Bought a scroll of revelation for 97 gold pieces
  5586 | D:5      | Bought a scroll of enchant armour for 97 gold pieces
  5586 | D:5      | Bought a scroll of identify for 26 gold pieces
  5586 | D:5      | Bought a scroll of identify for 26 gold pieces
  5599 | D:5      | Found Eruos's Book Shop.
  5920 | D:6      | Found an iron altar of Okawaru.
  6055 | D:6      | Found a sand-covered staircase.
  6055 | D:6      | Noticed Grinder
  6065 | D:6      | Paralysed by Grinder for 2 turns
  6068 | D:6      | Killed Grinder
  6069 | D:6      | Reached skill level 1 in Shapeshifting
  6077 | D:6      | Reached skill level 2 in Shapeshifting
  6077 | D:6      | Reached XP level 9. HP: 62/96 MP: 6/18
  6086 | Ossuary  | Entered an ossuary
  6668 | Ossuary  | Noticed a silent spectre
  6718 | Ossuary  | Identified a scroll of acquirement
  6719 | Ossuary  | Acquired the ring "Camo" {rN+ Str+6 Int+3 Dex-2 Stlth+}
  6751 | D:6      | Noticed Sigmund
  6768 | D:6      | Killed Sigmund
  6769 | D:6      | Reached skill level 3 in Shapeshifting
  6903 | D:6      | Gained mutation: You occasionally shout uncontrollably at
                  | your foes. [potion of mutation]
  6903 | D:6      | Gained mutation: You are robust. (+10% HP) [potion of
                  | mutation]
  7133 | D:6      | Reached skill level 4 in Shapeshifting
  7540 | D:6      | Found an opulent altar of Gozag.
  8133 | D:7      | Noticed Prince Ribbit
  8144 | D:7      | Killed Prince Ribbit
  8145 | D:7      | Reached XP level 10. HP: 117/117 MP: 15/20
  8164 | D:7      | Found a staircase to the Ecumenical Temple.
  8201 | D:7      | Found a shimmering blue altar of Sif Muna.
  8352 | D:7      | Reached skill level 5 in Shapeshifting
  8714 | D:8      | Found an ornate altar of the Wu Jian Council.
  8727 | D:8      | Found a glowing silver altar of Zin.
  8759 | D:8      | Reached skill level 6 in Shapeshifting
  8880 | D:8      | Noticed Maurice
  9130 | D:8      | Found a flagged portal.
  9130 | D:8      | Noticed a white ugly thing
  9140 | D:8      | HP: 1/117 [white ugly thing (32)]
  9141 | D:8      | Killed a white ugly thing
  9142 | D:8      | Reached skill level 7 in Shapeshifting
  9224 | Bailey   | Entered a bailey
  9294 | Bailey   | Noticed an orc warlord
  9444 | Bailey   | Reached skill level 11 in Shapeshifting
  9444 | Bailey   | Reached XP level 11. HP: 71/126 MP: 21/21
  9488 | Bailey   | Found a runed translucent gate.
  9499 | Bailey   | Found a runed translucent gate.
  9501 | Bailey   | Found a runed translucent gate.
  9529 | Bailey   | HP: 4/189 [orc warrior/+0 war axe (6)]
  9532 | Bailey   | Slain by an orc warrior

Illustrated notes

Levels and vault maps discovered:
D:1:      dpeg_arrival_circle_labyrinth_c, layout_loops_ring,
          shapermc_ecumenical_altar_mp_urbaneastern
D:2:      layout_loops_ring, uniq_terence, uniq_natasha
D:3:      layout_basic, grunt_temple_overflow_lords_of_destruction,
          nemelex_xobeh_ov_fountains_minmay, lemuel_crystal_altar,
          nicolae_kikubaaqudgha_miasma_corner
D:4:      minmay_inner_zag, layout_rooms, lemuel_tele_altar
D:5:      layout_rooms, serial_shops, nicolae_shop_hallway_plus, shop,
          nicolae_shop_tiny_real_fake_doors, uniq_blork_the_orc
D:6:      layout_rooms, nicolae_gozag_cash_rules_everything_around_me,
          okawaru_ov_weapons_minmay, nicolae_ossuary_entry_ruins, uniq_grinder,
          uniq_sigmund
D:7:      layout_rooms, mainiacjoe_overflow_24_doors, temple_hall, serial_bayou,
          serial_bayou_crossing, serial_bayou_pond_b, serial_bayou_pond_a,
          serial_bayou_pond_e, serial_bayou_pond_b, minmay_misc_feat_roman,
          glass_columns_b, uniq_prince_ribbit1
D:8:      layout_basic, zin_statuary, fedhas_altar_fruit_tree,
          lemuel_crystal_altar, david_lair_shrubbed, enter_bailey_2,
          special_room [special_room_orc], uniq_maurice
Bailey:   bailey_axe_bossmonster_kennysheep, bailey

Skill      XL: |  1  2  3  4  5  6  7  8  9 10 |
---------------+-------------------------------+-----
Fire Magic     | 3 |  3.6
Spellcasting   | 2 3 4 6 7 |  7.0
Fighting       | 5 6 7 8 9 |  9.2
Maces & Flails | 4 5 6 7 9 |  9.1
Shapeshifting  | 2 4 11 | 11.6

Action                     |  1- 3 |  4- 6 |  7- 9 | 10-12 || total
---------------------------+-------+-------+-------+-------++-------
  Melee: Mace              |    72 |   187 |   296 |    94 ||   649
         Headbutt          |     6 |    25 |    40 |    12 ||    83
   Cast: Scorch            |     2 |     1 |    51 |    28 ||    82
 Invoke: Foxfire Swarm     |       |     1 |       |       ||     1
         Fiery Armour      |       |     3 |     6 |     3 ||    12
    Use: Scroll            |       |     6 |     7 |       ||    13
         Potion            |       |     3 |     3 |    12 ||    18
 Armour: Robe              |    49 |   177 |   301 |   133 ||   660
  Dodge: Dodged            |    35 |    97 |   157 |    61 ||   350

Table legend: (Time is in decaauts)
 A = Elapsed time spent in this place.
 B = Non-inter-level travel time spent in this place.
 C = Inter-level travel time spent in this place.
 D = Time resting spent in this place.
 E = Time spent auto-exploring this place.
 F = Levels seen in this place.
 G = Mean time per level.
                   A        B        C        D        E       F      G
               +--------+--------+--------+--------+--------+-----+--------+
         Total |   9564 |   9229 |    335 |   1196 |   6045 |  10 |  956.4 |
       Dungeon |   8634 |   8299 |    335 |    644 |   6031 |   8 | 1079.2 |
       Ossuary |    647 |    647 |      0 |    415 |     14 |   1 |  647.0 |
        Bailey |    283 |    283 |      0 |    137 |      0 |   1 |  283.0 |
               +--------+--------+--------+--------+--------+-----+--------+

Top non-repeatable levels by time:
     D:4: 1506 daAuts
     D:5: 1273 daAuts
     D:6: 1263 daAuts
     D:2: 1211 daAuts
     D:3: 1040 daAuts
     D:1: 984 daAuts
     D:7: 873 daAuts
 Ossuary: 647 daAuts
     D:8: 481 daAuts
  Bailey: 283 daAuts
